 Dungeon Crawl Stone Soup version 0.28.0 (webtiles) character file.

Game seed: 4014949503838946469

5428 trckry the Destroyer (level 10, -7/69 HPs)
             Began as a Red Draconian Conjurer on Feb 8, 2022.
             Was an Elder of Sif Muna.
             Succumbed to a hornet's poison
             ... on level 9 of the Dungeon.
             The game lasted 00:38:38 (12645 turns).

trckry the Destroyer (Red Draconian Conjurer)      Turns: 12645, Time: 00:38:38

Health: -7/69      AC:  8    Str: 10    XL:     10   Next: 40%
Magic:  8/17       EV: 27    Int: 22    God:    Sif Muna [****..]
Gold:   608        SH:  0    Dex: 10    Spells: 4/19 levels left

rFire   + + .      SeeInvis .   a - staff of conjuration
rCold   . . .      Faith    .   (no shield)
rNeg    . . .      Spirit   .   (armour unavailable)
rPois   .          Reflect  .   (helmet restricted)
rElec   .          Harm     .   (no cloak)
rCorr   .          Rampage  .   (no gloves)
Will    .....                   B - +0 pair of boots
Stlth   ++........              A - amulet of the acrobat
HPRegen 0.21/turn               w - ring of protection from fire
MPRegen 0.15/turn               (no ring)

@: lethally poisoned (-7 -> -39), acrobatic, slowed, very slow
A: breathe fire, AC +7, unfitting armour, fire resistance 1, cold-blooded
a: Breathe Fire, Renounce Religion, Channel Magic, Forget Spell, Divine Exegesis


You were on level 9 of the Dungeon.
You worshipped Sif Muna.
Sif Muna was greatly pleased with you.
You visited 2 branches of the dungeon, and saw 10 of its levels.
You also visited: Sewer.

You collected 608 gold pieces.

Inventory:

Hand Weapons
 b - a +1 trident of flaming
 q - a +2 whip of venom
Missiles
 n - 22 poisoned darts (quivered)
Armour
 B - a +0 pair of boots (worn)
Magical Staves
 a - a staff of conjuration (weapon)
Jewellery
 v - a ring of ice
 w - a ring of protection from fire (left hand)
 A - an amulet of the acrobat (around neck)
 H - a +6 ring of strength
Wands
 r - a wand of paralysis (13)
 t - a wand of acid (11)
 C - a wand of iceblast (17)
Scrolls
 c - 2 scrolls of immolation {unknown}
 d - 3 scrolls of teleportation {unknown}
 i - 11 scrolls of identify {unknown}
 m - a scroll of summoning {unknown}
 o - 2 scrolls of fog {unknown}
 p - 3 scrolls of fear {unknown}
 s - a scroll of enchant armour {unknown}
 u - a scroll of vulnerability {unknown}
 x - a scroll of magic mapping {unknown}
 z - a scroll of brand weapon {unknown}
 D - 3 scrolls of holy word {unknown}
 E - a scroll of amnesia {unknown}
 F - 2 scrolls of silence {unknown}
Potions
 e - a potion of flight {unknown}
 f - a potion of curing {unknown}
 g - a potion of berserk rage {unknown}
 h - a potion of might {unknown}
 j - a potion of degeneration {unknown}
 k - 2 potions of heal wounds
 l - a potion of lignification {unknown}
 y - a potion of brilliance {unknown}
 G - a potion of haste {unknown}
 I - 2 potions of mutation {unknown}
 J - a potion of attraction {unknown}


   Skills:
 - Level 2.0 Dodging
 - Level 2.0 Stealth
 - Level 5.0 Spellcasting
 * Level 9.7 Conjurations
 - Level 8.0 Summonings
 * Level 9.4 Invocations


You had 4 spell levels left.
You knew the following spells:

 Your Spells              Type           Power      Damage    Failure   Level
a - Magic Dart            Conj           100%       1d8       1%          1
b - Searing Ray           Conj           100%       2d8       1%          2
c - Call Imp              Summ           40%        N/A       1%          2
d - Dazzling Flash        Conj/Hex       80%        N/A       4%          3
e - Iskenderun's Mystic   Conj/Tloc      40%        2d9       14%         4
f - Stone Arrow           Conj/Erth      80%        3d12      4%          3

Your spell library contained the following spells:

 Spells                   Type           Power      Damage    Failure   Level
 Mephitic Cloud           Conj/Pois/Air  29%        N/A       8%          3
 Sandblast                Erth           10%        2d5       10%         1
 Fulminant Prism          Conj/Hex       20%        3d13      14%         4
 Passwall                 Tmut/Erth      4%         N/A       16%         2
 Petrify                  Tmut/Erth      5%         N/A       69%         4
 Agony                    Necr           5%         N/A       95%         5
 Metabolic Englaciation   Hex/Ice        2%         N/A       95%         5
 Silence                  Hex/Air        2%         N/A       95%         5
 Statue Form              Tmut/Erth      3%         N/A       100%        6


Dungeon Overview and Level Annotations

Branches:
Dungeon (9/15)             Temple (1/1) D:6           Sewer (visited)
   Lair: D:8-11         Orc: D:9-12

Altars:
Ashenzari
Cheibriados
Dithmenos
Elyvilon
Fedhas
Gozag
Hepliaklqana
Kikubaaqudgha
Makhleb
Nemelex Xobeh
Okawaru
Qazlal
Ru
Sif Muna
Uskayaw
Vehumet
Wu Jian
Xom
Yredelemnul
Zin
The Shining One

Shops:
D:8 ==


Innate Abilities, Weirdness & Mutations

You can breathe blasts of fire.
Your fiery red scales are hard. (AC +7)
You cannot fit into any form of body armour.
Your flesh is heat resistant. (rF+)
You are cold-blooded and may be slowed by cold attacks.


Message History

You feel sick. The hornet stings you!
You are more poisoned.
You feel as though you will be slow longer.
The hornet closely misses you. The hornet stings you!
* * * LOW HITPOINT WARNING * * *
You are more poisoned.
You feel as though you will be slow longer.
It was a potion of heal wounds.
You feel much better.
You feel extremely sick. The hornet misses you.
The hornet stings you but does no damage.
Casting: Searing Ray (safe; 1% risk of failure)
Confirm with . or Enter, or press ? or * to list all spells.
Aiming: Searing Ray (safe; 1% risk of failure)
Press: ? - help, Shift-Dir - straight line, f/p - hornet
Aim: a hornet (heavily wounded, 74% to hit)
You feel a surge of power!
The searing ray hits the hornet but does no damage.
The hornet is heavily wounded.
The searing ray hits something. (Press . to maintain the ray.)
You feel very sick. The hornet closely misses you.
The hornet completely misses you.
The searing ray hits the hornet.
The hornet is severely wounded.
The searing ray hits something.
You feel very sick. The hornet stings you!
* * * LOW HITPOINT WARNING * * *
You are lethally poisoned!
You feel as though you will be slow longer.
The hornet stings you!
* * * LOW HITPOINT WARNING * * *
You are more poisoned.
You feel as though you will be slow longer.
The searing ray misses the hornet.
The searing ray hits something.
Sif Muna accepts your kill.
Reactivating autopickup.
You feel a bit more experienced.
You die...

#..#.....#.#
#..#.....#.#
#..#######.#
#..........#
###....#.###
####.#.#####
#.#.....#
#.#####.###### #.#
#..@y..##### #.#
#.####.....# #.#
#..........# #.#
#.###.###..# #.#
#.# #.# ..#
######.#####.###+#
..#
#......).......+
.##
#.####.####..###
.# ###.####.# #..#
.#


You could see a hornet.

Vanquished Creatures
  A two-headed ogre (D:6)
  Pikel (D:6)
  A kobold demonologist (D:6)
  Grinder (D:5)
  A hornet (D:8)
  Prince Ribbit (D:6)
  A shadow (D:9)
  A wraith (D:9)
  A water moccasin (D:6)
  2 black bears
  A sky beast (D:4)
  An ice beast (D:7)
  An orc warrior (D:9)
  2 ogres
  4 centaurs
  4 kobold brigands (Sewer)
  A phantom (D:6)
  Blork the orc (D:6)
  3 bullfrogs
  2 scorpions
  A gnoll sergeant (D:4)
  A water moccasin zombie (D:5)
  4 killer bees (D:9)
  2 howler monkeys
  A centaur zombie (D:6)
  3 orc priests (D:4)
  3 hounds
  2 bullfrog skeletons
  2 centaur skeletons
  3 jellies
  2 gnoll shamans
  7 orc wizards
  A killer bee zombie (D:5)
  2 hound skeletons (D:4)
  A howler monkey zombie (D:5)
  20 gnolls
  A howler monkey skeleton (D:5)
  14 adders
  2 river rats
  A shadow imp (D:5)
  A white imp (D:6)
  3 ufetubi
  12 worms
  3 dart slugs
  19 orcs
  10 ball pythons
  13 endoplasms
  A giant cockroach (D:1)
  3 goblins
  5 hobgoblins
  An iguana (D:4)
  4 jackals
  9 kobolds
  2 quokkas
  2 bats (D:1)
  4 frilled lizards
  14 rats
210 creatures vanquished.

Vanquished Creatures (others)
  A quokka (D:7)
1 creature vanquished.

Grand Total: 211 creatures vanquished

Notes
Turn   | Place    | Note
-------+----------+-------------------------------------------
     0 | D:1      | trckry the Draconian Conjurer began the quest for the Orb.
     0 | D:1      | Reached XP level 1. HP: 14/14 MP: 3/3
   526 | D:1      | Found a faded altar of an unknown god.
   533 | D:1      | Prayed at the altar of an unknown god.
   533 | D:1      | Became a worshipper of Sif Muna the Loreminder
   533 | D:1      | Reached * piety under Sif Muna
   637 | D:1      | Reached XP level 2. HP: 20/20 MP: 1/5
   640 | D:1      | Learned a level 2 spell: Searing Ray
   643 | D:1      | Learned a level 2 spell: Call Imp
  1475 | D:2      | Found a shimmering blue altar of Sif Muna.
  1907 | D:2      | Reached XP level 3. HP: 16/26 MP: 1/6
  2081 | D:2      | Reached skill level 1 in Summonings
  2081 | D:2      | Reached skill level 1 in Invocations
  2784 | D:3      | Noticed a gnoll sergeant
  2787 | D:3      | Reached ** piety under Sif Muna
  2790 | D:3      | Reached XP level 4. HP: 33/33 MP: 1/7
  3533 | D:3      | Found a snail-covered altar of Cheibriados.
  3854 | D:4      | Reached XP level 5. HP: 28/38 MP: 1/8
  3941 | D:4      | Reached skill level 5 in Conjurations
  4252 | D:4      | Found a glowing drain.
  4256 | Sewer    | Entered a sewer
  4499 | Sewer    | Reached XP level 6. HP: 45/45 MP: 3/10
  4768 | Sewer    | Reached *** piety under Sif Muna
  5109 | Sewer    | Your scales start taking on a fiery red colour.
  5109 | Sewer    | Reached XP level 7. HP: 50/50 MP: 5/12
  5109 | Sewer    | Gained mutation: Your flesh is heat resistant. (rF+) [Red
                  | Draconian growth]
  6430 | D:4      | Found a shimmering altar of Xom.
  6714 | D:4      | Reached XP level 8. HP: 57/57 MP: 11/14
  6742 | D:5      | Entered Level 5 of the Dungeon
  6886 | D:5      | Reached skill level 5 in Invocations
  7046 | D:5      | Noticed Grinder
  7071 | D:5      | Killed Grinder
  7212 | D:5      | Reached skill level 5 in Summonings
  7345 | D:5      | Reached **** piety under Sif Muna
  7546 | D:5      | Reached skill level 5 in Spellcasting
  7602 | D:5      | Learned a level 3 spell: Dazzling Flash
  7607 | D:5      | Learned a level 4 spell: Iskenderun's Mystic Blast
  8021 | D:5      | Found a broken altar of Ashenzari.
  8169 | D:5      | Found a hide-covered altar of Uskayaw.
  8187 | D:6      | Noticed Pikel
  8222 | D:6      | Found a staircase to the Ecumenical Temple.
  8231 | Temple   | Entered the Ecumenical Temple
  8514 | D:6      | Noticed Prince Ribbit
  8575 | D:6      | Killed Prince Ribbit
  8576 | D:6      | Reached XP level 9. HP: 58/62 MP: 9/16
  8627 | D:6      | Killed Pikel
  9192 | D:6      | Noticed a kobold demonologist
  9200 | D:6      | Killed a kobold demonologist
  9279 | D:6      | Noticed a two-headed ogre
  9279 | D:6      | Paralysed by a centaur for 4 turns
  9327 | D:6      | Killed a two-headed ogre
  9328 | D:6      | Reached XP level 10. HP: 69/69 MP: 8/17
  9659 | D:6      | Noticed Blork the orc
  9665 | D:6      | Killed Blork the orc
  9895 | D:7      | Learned a level 3 spell: Stone Arrow
  9913 | D:7      | Found an iron altar of Okawaru.
 10108 | D:7      | Found a basalt altar of Yredelemnul.
 10196 | D:7      | Found a shadowy altar of Dithmenos.
 10500 | D:7      | Found a white marble altar of Elyvilon.
 10898 | D:8      | Found Dutyes's Jewellery Emporium.
 11015 | D:8      | Found Nury's Jewellery Emporium.
 11277 | D:8      | Paralysed by a hornet for 2 turns
 12099 | D:9      | Found a glowing silver altar of Zin.
 12142 | D:9      | Found an opulent altar of Gozag.
 12531 | D:9      | Found a glowing golden altar of the Shining One.
 12635 | D:9      | Paralysed by a hornet for 3 turns
 12644 | D:9      | HP: 3/69 [hornet (10)]
 12645 | D:9      | Succumbed to a hornet's poison

Illustrated notes

Levels and vault maps discovered:
D:1:      minmay_arrival_checkered_box, layout_basic,
          ebering_ecumenical_altar_webs
D:2:      layout_basic, basic_altar
D:3:      layout_rooms, mainiacjoe_overflow_alcove_4
D:4:      layout_cave_pods, dk_xom_monty_hall, lightli_sewer_entry_pipes,
          amcnicky_mini_pool_small
D:5:      minmay_chambers_of_fours, layout_loops_ring, kennysheep_mini_moat,
          mainiacjoe_overflow_24_doors, minmay_misc_feat_cross, uniq_grinder
D:6:      layout_basic, minmay_temple_entry_arrows, minmay_divided_ellipse,
          uniq_pikel, uniq_blork_the_orc, uniq_prince_ribbit1
D:7:      layout_loops_cross, elyvilon_altar_4, mainiacjoe_overflow_big_doors,
          okawaru_metal_pillars_1_2, sigmund_army
D:8:      layout_loops_ring, serial_shops, nicolae_square_shop, shop
D:9:      layout_loops_ring, nicolae_overflow_hidden_temple,
          lemuel_doored_altar, amcnicky_altar_gilded,
          nicolae_overflow_crystal_walls
Temple:   dpeg_chambers_temple

Skill      XL: |  1  2  3  4  5  6  7  8  9 10 |
---------------+-------------------------------+-----
Stealth        | 2 |  2.0
Dodging        | 2 |  2.0
Summonings     | 1 2 3 4 6 7 8 |  8.0
Invocations    | 1 2 3 4 6 8 9 |  9.4
Conjurations   | 5 6 7 8 9 |  9.7
Spellcasting   | 3 4 5 |  5.0

Action                   |  1- 3 |  4- 6 |  7- 9 | 10-12 || total
-------------------------+-------+-------+-------+-------++-------
Melee: Hand axe          |       |    27 |    26 |       ||    53
       Tailslap          |       |     2 |     5 |       ||     7
       Whip              |       |       |    12 |       ||    12
       Punch             |       |       |     1 |       ||     1
       Staff             |       |       |     1 |       ||     1
Throw: Throwing net      |       |       |     1 |     1 ||     2
 Cast: Magic Dart        |    68 |    70 |    39 |    17 ||   194
       Searing Ray       |     5 |    23 |    48 |    36 ||   112
       Stone Arrow       |       |       |       |     4 ||     4
 Abil: Breathe Fire      |       |       |    10 |       ||    10
  Use: Potion            |       |       |       |     1 ||     1
Armor: Skin              |     4 |    23 |    37 |    19 ||    83
Dodge: Dodged            |    25 |    50 |    82 |    76 ||   233
